 Dungeon Crawl Stone Soup version 0.18-a0-1327-gce91241 (webtiles) character file.

1112 Trym the Carver (level 8, -2/54 HPs)
             Began as a High Elf Skald on Feb 15, 2016.
             Was a Follower of Okawaru.
             Slain by Guenter's ghost (9 damage)
             ... on level 6 of the Dungeon.
             The game lasted 00:47:44 (5543 turns).

Trym the Carver (High Elf Skald)                    Turns: 5543, Time: 00:47:44

Health: -2/54      AC:  4    Str: 11    XL:     8   Next: 11%
Magic:  11/12      EV: 12    Int: 15    God:    Okawaru [*.....]
Gold:   225        SH:  0    Dex: 18    Spells: 4 memorised, 2 levels left

rFire  . . .     SeeInvis .     t - +0 long sword
rCold  + . .     Gourm    .     b - +0 leather armour
rNeg   . . .     Faith    .     (no shield)
rPois  .         Spirit   .     (no helmet)
rElec  .         Dismiss  .     (no cloak)
rCorr  .         Reflect  .     l - +0 pair of gloves
SustAt .         Harm     .     (no boots)
MR     +....                    E - amulet of rage
Stlth  ++........               H - ring of protection from magic
                                r - ring of protection from cold

@: lethally poisoned (-2 -> -4), somewhat resistant to hostile enchantments,
unstealthy
A: no striking features
a: Heroism, Renounce Religion, Evoke Berserk Rage


You were on level 6 of the Dungeon.
You worshipped Okawaru.
Okawaru was aware of your devotion.
You were not hungry.

You visited 2 branches of the dungeon, and saw 7 of its levels.

You collected 225 gold pieces.

Inventory:

Hand Weapons
 a - a +0 falchion
 o - a +0 hunting sling
 p - a +0 hunting sling
 t - a +0 long sword (weapon)
 u - a +0 shortbow
 C - a +0 falchion
Missiles
 d - 43 arrows
 n - 2 tomahawks (quivered)
 z - 9 arrows of flame
 B - 35 poisoned needles
 I - 2 curare-tipped needles
Armour
 b - a +0 leather armour (worn)
 k - a +0 scale mail
 l - a +0 pair of gloves (worn)
Jewellery
 r - a ring of protection from cold (left hand)
 E - an amulet of rage (around neck)
 H - a ring of protection from magic (right hand)
Wands
 v - a wand of paralysis (10/24)
Scrolls
 f - 3 scrolls of immolation
 h - 4 scrolls of remove curse
Potions
 g - a potion of resistance
 j - 2 potions of curing
 m - 2 potions of lignification
 w - a potion of agility
 x - 2 potions of degeneration
 A - a potion of brilliance
 K - a potion of mutation
Books
 c - a book of Battle

   Spells                             Type                      Level
   a - Infusion                       Charms                       1
   b - Shroud of Golubria             Charms/Translocation         2
   c - Song of Slaying                Charms                       2
   d - Spectral Weapon                Hexes/Charms                 3
   e - Regeneration                   Charms/Necromancy            3
 D - a book of Ice

   Spells                             Type                      Level
   a - Ice Form                       Ice/Transmutation            4
   b - Metabolic Englaciation         Hexes/Ice                    5
   c - Ozocubu's Refrigeration        Ice                          6
   d - Bolt of Cold                   Conjuration/Ice              6
   e - Freezing Cloud                 Conjuration/Ice/Air          6
   f - Simulacrum                     Ice/Necromancy               6
Comestibles
 J - a bread ration


   Skills:
 * Level 3.9 Fighting
 * Level 8.5 Long Blades
 + Level 4.3 Bows
 - Level 1.1 Armour
 - Level 2.1 Dodging
 - Level 1.2 Stealth
 - Level 2.4 Spellcasting
 - Level 2.1 Hexes
 - Level 5.0 Charms


You had 2 spell levels left.
You knew the following spells:

 Your Spells              Type           Power        Failure   Level  Hunger
a - Infusion              Chrm           ###.         3%          1    #......
b - Spectral Weapon       Hex/Chrm       ##......     21%         3    ###....
c - Shroud of Golubria    Chrm/Tloc      #.........   17%         2    ###....
d - Regeneration          Chrm/Necr      #.........   30%         3    ###....


Dungeon Overview and Level Annotations

Branches:
Dungeon (6/15)             Temple (1/1) D:4

Altars:
Cheibriados
Elyvilon
Gozag
Kikubaaqudgha
Makhleb
Nemelex Xobeh
Okawaru
Pakellas
Qazlal
Ru
Sif Muna
Xom
Yredelemnul
Zin
The Shining One

Annotations:
D:6 Guenter's ghost, novice FoFi


Message History

You feel sick.
Your spectral weapon barely misses the worker ant.
The worker ant bites you.
You hit the worker ant but do no damage.
The worker ant is severely wounded.
The sentinel's mark upon you fades away.
Your spectral weapon fades away.
The worker ant closely misses you. The phantom barely misses you.
The worker ant bites you!
* * * LOW HITPOINT WARNING * * *
Drink which item? (? for menu, Esc to quit)
You feel much better. The phantom hits you. The worker ant bites you.
Read which item? (? for menu, Esc to quit)
As you read the scroll of fog, it crumbles to dust.
The scroll dissolves into smoke.
You feel sick. Guenter's ghost hits you. The phantom hits you.
The phantom blinks!
The worker ant misses you.
The ogre hits you with a giant spiked club!
* * * LOW HITPOINT WARNING * * *
Guenter's ghost hits you!
You die...

# .### .... ...##.#
.## #...#.# ##
###...#.# ######
####.......# ......
....§§§§..# ######
#.§§O§§. ########
#@W§# .......# #a§§#
######>##########§##
#...........§#
##############


You could see an ogre, a worker ant and Guenter's ghost.

Vanquished Creatures
  The ghost of Trym the Slasher, an amateur HESk of Okawaru (D:5)
  A water moccasin (D:5)
  A necrophage (D:5)
  An ogre (D:5)
  A centaur (D:6)
  A crimson imp (D:5)
  A centaur zombie (D:5)
  A giant frog skeleton (D:4)
  A hound (D:4)
  3 giant frog zombies
  A centaur skeleton (D:5)
  An iguana (D:5)
  Natasha (twice) (D:4)
  2 worker ants (D:5)
  A worker ant zombie (D:5)
  4 gnolls
  8 adders
  An adder zombie (D:5)
  6 worms
  5 orcs
  3 bats
  3 giant cockroaches
  6 goblins
  3 hobgoblins
  10 jackals
  10 kobolds
  A quokka (D:3)
  3 ball pythons
  2 giant newts
  A quokka skeleton (D:5)
  2 rats
87 creatures vanquished.

Vanquished Creatures (others)
  10 fungi (D:6)
10 creatures vanquished.

Grand Total: 97 creatures vanquished

Notes
Turn   | Place    | Note
--------------------------------------------------------------
     0 | D:1      | Trym the High Elf Skald began the quest for the Orb.
     0 | D:1      | Reached XP level 1. HP: 14/14 MP: 4/4
    70 | D:1      | Reached XP level 2. HP: 13/19 MP: 0/6
   784 | D:2      | Reached skill level 4 in Long Blades
   795 | D:2      | Found an oddly glowing altar of Pakellas.
   819 | D:2      | Found a shimmering altar of Xom.
   866 | D:2      | Reached skill level 1 in Stealth
   866 | D:2      | Reached XP level 3. HP: 24/24 MP: 4/7
  1144 | D:2      | Found a sparkling altar of Nemelex Xobeh.
  1225 | D:2      | Found a sacrificial altar of Ru.
  1612 | D:3      | Found a stormy altar of Qazlal.
  1658 | D:3      | Reached skill level 5 in Long Blades
  1660 | D:3      | Reached XP level 4. HP: 24/29 MP: 0/8
  1665 | D:3      | Learned a level 3 spell: Spectral Weapon
  1668 | D:3      | Learned a level 2 spell: Shroud of Golubria
  2008 | D:3      | Found a glowing golden altar of the Shining One.
  2491 | D:4      | Reached skill level 1 in Armour
  2501 | D:4      | Noticed Natasha
  2512 | D:4      | Killed Natasha
  2512 | D:4      | Reached XP level 5. HP: 21/34 MP: 3/9
  2530 | D:4      | Noticed Natasha
  2855 | D:4      | Reached skill level 1 in Hexes
  3008 | D:4      | Reached skill level 1 in Bows
  3259 | D:5      | Entered Level 5 of the Dungeon
  3385 | D:5      | Noticed Trym's ghost (amateur HESk)
  3424 | D:4      | Killed Natasha
  3644 | D:4      | Found a staircase to the Ecumenical Temple.
  3650 | Temple   | Entered the Ecumenical Temple
  3665 | Temple   | Became a worshipper of Warmaster Okawaru
  3730 | D:4      | Reached XP level 6. HP: 38/41 MP: 6/10
  3827 | D:5      | Learned a level 3 spell: Regeneration
  4140 | D:5      | Found an opulent altar of Gozag.
  4510 | D:5      | Reached skill level 6 in Long Blades
  4510 | D:5      | Reached XP level 7. HP: 46/46 MP: 5/11
  4596 | D:5      | Killed Trym's ghost
  4596 | D:5      | Reached * piety under Okawaru
  4648 | D:5      | Reached skill level 7 in Long Blades
  5008 | D:5      | Reached skill level 5 in Charms
  5012 | D:5      | Reached skill level 8 in Long Blades
  5080 | D:5      | Reached XP level 8. HP: 47/53 MP: 7/12
  5324 | D:6      | Noticed Guenter's ghost (novice FoFi)
  5490 | D:6      | Found a burning altar of Makhleb.
  5543 | D:6      | Slain by Guenter's ghost

Vault maps used:
D:1:      elethiomel_arrival_infinity_welcomes_careful_drivers
D:2:      marbit_many_paths, lemuel_doored_altar, lemuel_coloured_pillars_altar,
          lemuel_altar_in_water2
D:3:      grunt_qazlal_sundering, st_stairs_8, tso_metal_star
D:4:      minmay_temple_entry_fiery, first_bread,
          minmay_misc_feat_secret_circle, saegor_snake_ambush, uniq_natasha
D:5:      lemuel_round_altar
D:6:      old_forge, nicolae_overflow_hidden_temple,
          nicolae_dithmenos_the_darkroom
Temple:   water_room_temple_a_12

Action                   |  1- 3 |  4- 6 |  7- 9 || total
-------------------------+-------+-------+-------++-------
Melee: Falchion          |    89 |    61 |       ||   150
       Long sword        |       |    77 |    49 ||   126
 Fire: Shortbow          |       |    49 |    32 ||    81
Throw: Tomahawk          |       |     8 |     1 ||     9
 Cast: Infusion          |    16 |       |       ||    16
       Shroud of Golubri |       |     9 |     2 ||    11
       Spectral Weapon   |       |    17 |     6 ||    23
  Use: Scroll            |     1 |     7 |     7 ||    15
       Potion            |       |       |     1 ||     1
 Stab: Sleeping          |       |     2 |       ||     2
       Distracted        |       |     1 |     1 ||     2
  Eat: Bread ration      |     1 |       |     1 ||     2
       Chunk             |       |    11 |       ||    11
